3AA
LAKE MINNETONKA LOVE BOATS @ BILLINGS POLAR BEARS
09/01/2042
 
TOP OF THE 1ST
Lake Minnetonka Love Boats batting - Pitching for Billings Polar Bears : RHP Peter Kossan
Pitching: RHP Peter Kossan
Batting: RHB Mark Bakker 0-0: Foul Ball, location: 2F
0-1: Ball
1-1: DOUBLE (Flyball, 8LD, EV 106.9 MPH) - OUT at third base trying to stretch hit.
Batting: RHB Luis Ávila 0-0: Swinging Strike
0-1: Ball
1-1: Ground out 4-3 (Groundball, 4, EV 101.9 MPH)
Batting: RHB Eisse van Barneveld 0-0: Ball
1-0: Fly out, F9 (Flyball, 9LDF, EV 110.0 MPH)
Top of the 1st over - 0 runs, 1 hit, 0 errors, 0 left on base; Lake Minnetonka 0 - Billings 0
BOTTOM OF THE 1ST
Billings Polar Bears batting - Pitching for Lake Minnetonka Love Boats : RHP Petr Elfimov
Pitching: RHP Petr Elfimov
Batting: SHB Leonardo Rodríguez 0-0: Foul Ball, location: 2F
0-1: Foul Ball, location: 2F
0-2: Ball
1-2: Foul Ball, location: 2F
1-2: Foul Ball, location: 2F
1-2: Ball
2-2: Strikes out swinging
Batting: RHB Shalom Gestel 0-0: Foul Ball, location: 2F
0-1: Swinging Strike
0-2: Strikes out swinging
Batting: RHB Rupert Bethune 0-0: Called Strike
0-1: Called Strike
0-2: Strikes out swinging
Bottom of the 1st over - 0 runs, 0 hits, 0 errors, 0 left on base; Lake Minnetonka 0 - Billings 0
TOP OF THE 2ND
Lake Minnetonka Love Boats batting - Pitching for Billings Polar Bears : RHP Peter Kossan
Batting: SHB Spencer Maddox 0-0: Ball
1-0: Called Strike
1-1: Foul Ball, location: 2F
1-2: Ground out 4-3 (Groundball, 4, EV 109.4 MPH)
Batting: RHB Ding-bong Wang 0-0: Swinging Strike
0-1: SINGLE (Groundball, 56D, EV 105.0 MPH)
Batting: RHB Nicholas Khadjikyriakos 0-0: Ball
1-0: Ball
2-0: Called Strike
2-1: Ball
3-1: Called Strike
3-2: Base on Balls
Ding-bong Wang to second
Batting: RHB Vicente Casaus 0-0: Ball
1-0: Ball
2-0: Called Strike
2-1: Ball
3-1: Base on Balls
Ding-bong Wang to third
Nicholas Khadjikyriakos to second
Batting: LHB Francisco Obando 0-0: SINGLE (Line Drive, 5D, EV 97.5 MPH)
Ding-bong Wang scores
Nicholas Khadjikyriakos to third
Vicente Casaus to second
Runner from 3rd tries for Home, SAFE, no throw by LF
Batting: RHB Pablo Santos 0-0: Fielders Choice at 2nd, 5-4 (Groundball, 56S, EV 90.0 MPH)
Vicente Casaus to third
Batting: RHB Mark Bakker 0-0: Fly out, F2 (Popup, 2LF, EV 81.9 MPH)
Top of the 2nd over - 2 runs, 2 hits, 0 errors, 2 left on base; Lake Minnetonka 2 - Billings 0
BOTTOM OF THE 2ND
Billings Polar Bears batting - Pitching for Lake Minnetonka Love Boats : RHP Petr Elfimov
Batting: LHB Jorge Cruz 0-0: Ball
1-0: Ball
2-0: Called Strike
2-1: Called Strike
2-2: Ball
3-2: Ground out 6-3 (Groundball, 6, EV 98.8 MPH)
Batting: RHB Jose Reginalde 0-0: Ball
1-0: Ground out 6-3 (Groundball, 6, EV 83.1 MPH)
Batting: RHB Gary Panniers 0-0: Foul Ball, location: 2F
0-1: Ball
1-1: Called Strike
1-2: Strikes out swinging
Bottom of the 2nd over - 0 runs, 0 hits, 0 errors, 0 left on base; Lake Minnetonka 2 - Billings 0
TOP OF THE 3RD
Lake Minnetonka Love Boats batting - Pitching for Billings Polar Bears : RHP Peter Kossan
Batting: RHB Luis Ávila 0-0: Called Strike
0-1: Ball
1-1: Swinging Strike
1-2: Fly out, F8 (Flyball, 8RXD, EV 106.9 MPH)
Batting: RHB Eisse van Barneveld 0-0: Fly out, F8 (Flyball, 8LXD, EV 93.8 MPH)
Batting: SHB Spencer Maddox 0-0: DOUBLE (Line Drive, 78M, EV 92.5 MPH)
Batting: RHB Ding-bong Wang 0-0: Ball
1-0: Reached on error, E5 (Groundball, 56, EV 77.5 MPH)
Spencer Maddox to third
Batting: RHB Nicholas Khadjikyriakos 0-0: Called Strike
0-1: Ball
1-1: Foul Ball, location: 2F
1-2: Strikes out looking
Top of the 3rd over - 0 runs, 1 hit, 1 error, 2 left on base; Lake Minnetonka 2 - Billings 0
BOTTOM OF THE 3RD
Billings Polar Bears batting - Pitching for Lake Minnetonka Love Boats : RHP Petr Elfimov
Batting: LHB Stanley Bell 0-0: SINGLE (Groundball, 15S, EV 63.8 MPH) (infield hit)
Batting: RHB Pleun Vleugel 0-0: Called Strike
0-1: Ball
1-1: Ball
2-1: Ball
3-1: Base on Balls
Stanley Bell to second
Batting: RHB Kelly Johnson 0-0: Ball
1-0: Foul Ball, location: 2F
1-1: Ball
2-1: Ball
3-1: Swinging Strike
3-2: Strikes out swinging
Batting: SHB Leonardo Rodríguez 0-0: Ball
1-0: Called Strike
1-1: Fly out, F8 (Flyball, 8LD, EV 91.9 MPH)
Batting: RHB Shalom Gestel 0-0: SINGLE (Line Drive, 7S, EV 92.5 MPH)
Stanley Bell to third
Pleun Vleugel to second
Runner from 3rd tries for Home, SAFE, throw by LF to home
Batting: RHB Rupert Bethune 0-0: SINGLE (Groundball, 34D, EV 96.9 MPH)
Pleun Vleugel to third
Shalom Gestel to second
Runner from 3rd tries for Home, SAFE, no throw by RF
Batting: LHB Jorge Cruz 0-0: Ball
1-0: SINGLE (Groundball, 34D, EV 102.5 MPH)
Shalom Gestel to third
Rupert Bethune to second
Runner from 3rd tries for Home, SAFE, throw by RF to home
Batting: RHB Jose Reginalde 0-0: Called Strike
0-1: Called Strike
0-2: Foul Ball, location: 2F
0-2: Foul Ball, location: 2F
0-2: Foul Ball, location: 2F
0-2: Foul Ball, location: 2F
0-2: Foul Ball, location: 2F
0-2: Ground out 1-3 (Groundball, 34S, EV 67.5 MPH)
Bottom of the 3rd over - 3 runs, 4 hits, 0 errors, 2 left on base; Lake Minnetonka 2 - Billings 3
TOP OF THE 4TH
Lake Minnetonka Love Boats batting - Pitching for Billings Polar Bears : RHP Peter Kossan
Batting: RHB Vicente Casaus 0-0: Ball
1-0: Fly out, F6 (Popup, 6D, EV 54.4 MPH)
Batting: LHB Francisco Obando 0-0: Ground out 4-3 (Groundball, 4, EV 76.9 MPH)
Batting: RHB Pablo Santos 0-0: Called Strike
0-1: Called Strike
0-2: Foul Ball, location: 2F
0-2: Strikes out swinging
Top of the 4th over - 0 runs, 0 hits, 0 errors, 0 left on base; Lake Minnetonka 2 - Billings 3
BOTTOM OF THE 4TH
Billings Polar Bears batting - Pitching for Lake Minnetonka Love Boats : RHP Petr Elfimov
Batting: RHB Gary Panniers 0-0: Ball
1-0: Ball
2-0: Fly out, F5 (Line Drive, 5, EV 68.1 MPH)
Batting: LHB Stanley Bell 0-0: Ball
1-0: Swinging Strike
1-1: Swinging Strike
1-2: Ball
2-2: Ball
3-2: Base on Balls
Batting: RHB Pleun Vleugel 0-0: Ball
1-0: Ball
2-0: Ball
3-0: Called Strike
3-1: Base on Balls
Stanley Bell to second
Batting: RHB Kelly Johnson 0-0: Fly out, F6 (Popup, 6MS, EV 70.0 MPH)
Batting: SHB Leonardo Rodríguez 0-0: Called Strike
0-1: Ground out 6-3 (Groundball, 6MS, EV 67.5 MPH)
Bottom of the 4th over - 0 runs, 0 hits, 0 errors, 2 left on base; Lake Minnetonka 2 - Billings 3
TOP OF THE 5TH
Lake Minnetonka Love Boats batting - Pitching for Billings Polar Bears : RHP Peter Kossan
Batting: RHB Mark Bakker 0-0: Ball
1-0: Fly out, F8 (Flyball, 8LS, EV 75.0 MPH)
Batting: RHB Luis Ávila 0-0: SINGLE (Flyball, 78M, EV 96.9 MPH)
Batting: RHB Eisse van Barneveld 0-0: Called Strike
0-1: Ball
1-1: Foul Ball, location: 2F
1-2: Foul Ball, location: 2F
1-2: Foul Ball, location: 2F
1-2: Ball
2-2: SINGLE (Groundball, 56D, EV 95.6 MPH)
Luis Ávila to second
Batting: SHB Spencer Maddox 0-0: Ball
1-0: Ball
2-0: Fielders Choice at 2nd, 1-6 (Groundball, 23, EV 88.1 MPH)
Luis Ávila to third
Batting: RHB Ding-bong Wang 0-0: Ball
1-0: Fly out, F4 (Popup, 4, EV 58.1 MPH)
Top of the 5th over - 0 runs, 2 hits, 0 errors, 2 left on base; Lake Minnetonka 2 - Billings 3
BOTTOM OF THE 5TH
Billings Polar Bears batting - Pitching for Lake Minnetonka Love Boats : RHP Petr Elfimov
Batting: RHB Shalom Gestel 0-0: Ground out 5-3 (Groundball, 56, EV 91.2 MPH)
Batting: RHB Rupert Bethune 0-0: SINGLE (Line Drive, 89S, EV 101.2 MPH)
Batting: LHB Jorge Cruz 0-0: Called Strike
0-1: Foul Ball, location: 2F
0-2: Ball
1-2: Foul Ball, location: 2F
1-2: Ball
2-2: Ball
3-2: Foul Ball, location: 2F
3-2: Base on Balls
Rupert Bethune to second
Batting: RHB Jose Reginalde 0-0: Ball
Rupert Bethune steals 3rd base
Jorge Cruz to second
1-0: SINGLE (Groundball, 34, EV 101.9 MPH)
Rupert Bethune scores
Jorge Cruz to third
Runner from 3rd tries for Home, SAFE, throw by RF to home
Pitching: RHP Jayden Fairhead
Batting: RHB Gary Panniers 0-0: Ground out 4-3 (Groundball, 4, EV 97.5 MPH)
Jose Reginalde to second
Batting: LHB Stanley Bell 0-0: Called Strike
0-1: Foul Ball, location: 2F
0-2: Ball
1-2: Strikes out swinging
Bottom of the 5th over - 2 runs, 2 hits, 0 errors, 1 left on base; Lake Minnetonka 2 - Billings 5
TOP OF THE 6TH
Lake Minnetonka Love Boats batting - Pitching for Billings Polar Bears : RHP Peter Kossan
Batting: RHB Nicholas Khadjikyriakos 0-0: Ball
1-0: Foul Ball, location: 2F
1-1: Called Strike
1-2: Ball
2-2: Foul Ball, location: 2F
2-2: Ground out 6-3 (Groundball, 56, EV 86.9 MPH)
Batting: RHB Vicente Casaus 0-0: Ball
1-0: Fly out, F7 (Flyball, 7, EV 92.5 MPH)
Batting: LHB Francisco Obando 0-0: Ball
1-0: Foul Ball, location: 2F
1-1: Ball
2-1: Foul Ball, location: 2F
2-2: Ball
3-2: Strikes out looking
Top of the 6th over - 0 runs, 0 hits, 0 errors, 0 left on base; Lake Minnetonka 2 - Billings 5
BOTTOM OF THE 6TH
Billings Polar Bears batting - Pitching for Lake Minnetonka Love Boats : RHP Jayden Fairhead
Batting: RHB Pleun Vleugel 0-0: Ball
1-0: Ball
2-0: Called Strike
2-1: Swinging Strike
2-2: Ball
3-2: Ground out 1-3 (Groundball, 13, EV 82.5 MPH)
Batting: RHB Kelly Johnson 0-0: Foul Ball, location: 2F
0-1: Ball
1-1: Foul Ball, location: 2F
1-2: Foul Ball, location: 2F
1-2: Strikes out looking
Batting: SHB Leonardo Rodríguez 0-0: Swinging Strike
0-1: Ball
1-1: Foul Ball, location: 2F
1-2: Foul Ball, location: 2F
1-2: Ground out 4-3 (Groundball, 4, EV 81.2 MPH)
Bottom of the 6th over - 0 runs, 0 hits, 0 errors, 0 left on base; Lake Minnetonka 2 - Billings 5
TOP OF THE 7TH
Lake Minnetonka Love Boats batting - Pitching for Billings Polar Bears : RHP Peter Kossan
Batting: RHB Pablo Santos 0-0: Ground out 5-3 (Groundball, 56S, EV 79.4 MPH)
Batting: RHB Mark Bakker 0-0: Ball
1-0: Ball
2-0: Ball
3-0: Base on Balls
Pitching: RHP Steve Perkins
Batting: RHB Luis Ávila 0-0: Ball
1-0: Fielders Choice at 2nd, 1-6 (Groundball, 34S, EV 63.1 MPH)
Batting: RHB Eisse van Barneveld 0-0: Called Strike
0-1: Ball
1-1: Ball
2-1: Foul Ball, location: 2F
2-2: Fly out, F4 (Popup, 34D, EV 53.8 MPH)
Top of the 7th over - 0 runs, 0 hits, 0 errors, 1 left on base; Lake Minnetonka 2 - Billings 5
BOTTOM OF THE 7TH
Billings Polar Bears batting - Pitching for Lake Minnetonka Love Boats : RHP Jayden Fairhead
Batting: RHB Shalom Gestel 0-0: Ball
1-0: Foul Ball, location: 2F
1-1: Called Strike
1-2: Strikes out swinging
Batting: RHB Rupert Bethune 0-0: Called Strike
0-1: Called Strike
0-2: Ball
1-2: Foul Ball, location: 2F
1-2: Ball
2-2: Foul Ball, location: 2F
2-2: Foul Ball, location: 2F
2-2: Foul Ball, location: 2F
2-2: Strikes out swinging
Batting: LHB Jorge Cruz 0-0: Ball
1-0: Ball
2-0: Called Strike
2-1: Ball
3-1: Base on Balls
Pitching: RHP Travis Iturburua
Batting: RHB Jose Reginalde 0-0: Called Strike
0-1: Foul Ball, location: 2F
0-2: Ball
1-2: Strikes out swinging
Bottom of the 7th over - 0 runs, 0 hits, 0 errors, 1 left on base; Lake Minnetonka 2 - Billings 5
TOP OF THE 8TH
Lake Minnetonka Love Boats batting - Pitching for Billings Polar Bears : RHP Steve Perkins
Batting: SHB Spencer Maddox 0-0: Foul Ball, location: 2F
0-1: Ball
1-1: Swinging Strike
1-2: Ball
2-2: Ball
3-2: Base on Balls
Batting: RHB Ding-bong Wang 0-0: Ball
1-0: Called Strike
1-1: Ball
2-1: Fly out, F7 (Flyball, 7, EV 80.6 MPH)
Batting: RHB Nicholas Khadjikyriakos 0-0: Foul Ball, location: 2F
0-1: Grounds into double play, 6-4-3 (Groundball, 6, EV 91.9 MPH)
Top of the 8th over - 0 runs, 0 hits, 0 errors, 0 left on base; Lake Minnetonka 2 - Billings 5
BOTTOM OF THE 8TH
Billings Polar Bears batting - Pitching for Lake Minnetonka Love Boats : RHP Travis Iturburua
Batting: RHB Gary Panniers 0-0: Ball
1-0: Foul Ball, location: 2F
1-1: Ball
2-1: Swinging Strike
2-2: Ball
3-2: Foul Ball, location: 2F
3-2: Strikes out swinging
Batting: LHB Stanley Bell 0-0: Fly out, F7 (Flyball, 78D, EV 86.9 MPH)
Batting: RHB Pleun Vleugel 0-0: Ball
1-0: Ball
2-0: Ball
3-0: Base on Balls
Batting: RHB Kelly Johnson 0-0: Ball
1-0: Swinging Strike
1-1: Called Strike
1-2: Foul Ball, location: 2F
1-2: Foul Ball, location: 2F
1-2: Ball
2-2: Fly out, F9 (Flyball, 9LM, EV 94.4 MPH)
Bottom of the 8th over - 0 runs, 0 hits, 0 errors, 1 left on base; Lake Minnetonka 2 - Billings 5
TOP OF THE 9TH
Lake Minnetonka Love Boats batting - Pitching for Billings Polar Bears : RHP Steve Perkins
Pitching: RHP Vas Atepko
Batting: RHB Vicente Casaus 0-0: Ball
1-0: Fly out, F9 (Line Drive, 9, EV 91.2 MPH)
Batting: LHB Francisco Obando 0-0: Fly out, F3 (Popup, 3F, EV 71.9 MPH)
Batting: RHB Pablo Santos 0-0: Ball
1-0: SINGLE (Groundball, 5D, EV 104.4 MPH)
Batting: RHB Mark Bakker 0-0: SINGLE (Line Drive, 4D, EV 97.5 MPH)
Pablo Santos to second
Pinch Hitting: LHB Bill Carney 0-0: Ball
1-0: DOUBLE (Line Drive, 9LD, EV 108.1 MPH)
Pablo Santos scores
Mark Bakker to third
Pitching: RHP Darrel Parker
Batting: RHB Eisse van Barneveld 0-0: Ball
1-0: Ball
2-0: Called Strike
2-1: Called Strike
2-2: Strikes out swinging
Top of the 9th over - 1 run, 3 hits, 0 errors, 2 left on base; Lake Minnetonka 3 - Billings 5
Friday, March 26th, 2021 - OOTP Baseball 20.8 Build 74